 Dungeon Crawl Stone Soup version 0.20-a0-350-ga83eecc (webtiles) character file.

347 Da5id the Slasher (level 6, -1/32 HPs)
             Began as a Vine Stalker Fighter on Dec 23, 2016.
             Slain by a quasit (2 damage)
             ... summoned by Eustachio
             ... on level 4 of the Dungeon.
             The game lasted 00:03:28 (3443 turns).

Da5id the Slasher (Vine Stalker Fighter)            Turns: 3443, Time: 00:03:28

Health: -1/32      AC:  7    Str: 21      XL:     6   Next: 59%
Magic:  0/7        EV:  7    Int:  8      God:
Gold:   180        SH:  9    Dex: 10 (13) Spells: 5/5 levels left

rFire  . . .     SeeInvis .     a - +0 long sword
rCold  . . .     Gourm    +     b - +0 scale mail
rNeg   . . .     Faith    .     c - +0 shield
rPois  .         Spirit   +     (no helmet)
rElec  .         Reflect  .     (no cloak)
rCorr  +         Harm     .     d - +0 pair of gloves
MR     .....                    (no boots)
Stlth  ..........               y - amulet of the gourmand
                                (no ring)
                                q - ring of resist corrosion

@: no status effects
A: fangs 2, regeneration 1, magic shield, antimagic bite, no device heal 3, rot
immunity
a: no special abilities


You were on level 4 of the Dungeon.
You were hungry.

You visited 1 branch of the dungeon, and saw 4 of its levels.

You collected 180 gold pieces.

Inventory:

Hand Weapons
 a - a +0 long sword (weapon)
 l - a +0 blowgun
Missiles
 v - 17 poisoned needles
Armour
 b - a +0 scale mail (worn)
 c - a +0 shield (worn)
 d - a +0 pair of gloves (worn)
Jewellery
 q - a ring of resist corrosion (left hand)
 y - an amulet of the gourmand (around neck)
Wands
 A - a wand of iceblast (6/15)
Scrolls
 e - 2 scrolls of identify {unknown}
 j - 4 scrolls of amnesia {unknown}
 k - a scroll of fog {unknown}
 o - 3 scrolls of enchant armour {unknown}
 p - a scroll of recharging {unknown}
 s - a scroll of magic mapping {unknown}
 t - 3 scrolls of remove curse {unknown}
 u - a scroll of fear {unknown}
Potions
 h - a potion of lignification {unknown}
 m - a potion of invisibility
 n - 3 potions of curing
 r - a potion of ambrosia {unknown}
 x - a potion of heal wounds {unknown}
 z - a potion of resistance {unknown}
Books
 w - a book of Maledictions

   Spells                             Type                      Level
   a - Corona                         Hexes                        1
   b - Ensorcelled Hibernation        Hexes/Ice                    2
   c - Confuse                        Hexes                        3
   d - Tukima's Dance                 Hexes                        3
   e - Dazzling Spray                 Conjuration/Hexes            3
Comestibles
 f - 3 bread rations
 g - 9 fruits
 i - a meat ration


   Skills:
 - Level 2.6 Fighting
 + Level 6.2 Long Blades
 - Level 2.4 Armour
 - Level 2.6 Shields


You had 5 spell levels left.
You didn't know any spells.

Dungeon Overview and Level Annotations

Branches:
Dungeon (4/15)
 Temple: D:4-7

Altars:

Annotations:
D:4 Eustachio


Innate Abilities, Weirdness & Mutations

You have extremely sharp teeth.
Your natural rate of healing is unusually fast.
When hurt, damage is shared between your health and your magic reserves.
Your bite disrupts and absorbs the magic of your enemies.
Potions cannot restore your health.
You are immune to rotting.


Message History

* * * LOW HITPOINT WARNING * * *
You feel clumsy.
The quasit claws you but does no damage. x2
Eustachio hits you with a rapier. The rat bites you but does no damage.
Your shield prevents you from hitting Eustachio.
Eustachio is heavily wounded.
The bat hits you but does no damage. The quasit barely misses you.
The quasit claws you but does no damage. x2
The quasit bites you but does no damage.
You block the quasit's attack. The quasit barely misses you.
The quasit bites you but does no damage.
The quasit claws you.
* * * LOW HITPOINT WARNING * * *
The quasit barely misses you. The iron imp hits you!
* * * LOW HITPOINT WARNING * * *
You block the rat's attack. Eustachio hits you but does no damage.
You miss Eustachio.
Eustachio is heavily wounded.
The quasit bites you.
You die...

##..........## .
#............##### # #
.##..........#....(#
#.#................###.#
....###..........#####.#
#............(.........#
#..............########
#...b5..........#######
###..##@5.#####..........
......5@r.# #.#.#######
###.#.....# #.#.# ##....#
#.#.# ##...# #.#.###
#...## #.....#
#....####.#.#.##### ###
#..#....#.........#
.....###.b.....#.#.#.###.#


You could see Eustachio, an iron imp, 2 quasits, a bat and a rat.

Vanquished Creatures
  A phantom (D:4)
  A scorpion (D:4)
  An orc priest (D:3)
  Terence (D:3)
  An orc wizard (D:3)
  4 adders
  2 oozes (D:1)
  A worm (D:4)
  2 leopard geckos
  7 orcs (D:3)
  5 bats
  2 giant cockroaches
  7 goblins
  9 hobgoblins
  13 jackals
  4 frilled lizards
  7 kobolds
  7 rats
75 creatures vanquished.

Notes
Turn   | Place    | Note
-------+----------+-------------------------------------------
     0 | D:1      | Da5id the Vine Stalker Fighter began the quest for the Orb.
     0 | D:1      | Reached XP level 1. HP: 11/11 MP: 2/2
    16 | D:1      | Reached skill level 2 in Long Blades
    20 | D:1      | Reached XP level 2. HP: 16/16 MP: 3/3
   657 | D:1      | Reached skill level 3 in Long Blades
   663 | D:1      | Reached XP level 3. HP: 18/19 MP: 4/4
  1533 | D:3      | Gained mutation: Your natural rate of healing is unusually fast. [Vine Stalker growth]
  1533 | D:3      | Reached XP level 4. HP: 13/23 MP: 3/5
  1738 | D:3      | Reached skill level 4 in Long Blades
  1983 | D:3      | Noticed Terence
  1994 | D:3      | Killed Terence
  1996 | D:3      | Reached XP level 5. HP: 20/27 MP: 6/6
  2099 | D:3      | Reached skill level 5 in Long Blades
  3005 | D:4      | Reached XP level 6. HP: 6/32 MP: 4/7
  3139 | D:4      | Noticed a phantom
  3157 | D:4      | Killed a phantom
  3157 | D:4      | Reached skill level 6 in Long Blades
  3392 | D:4      | Noticed Eustachio
  3442 | D:4      | HP: 1/32 [iron imp[Eustachio] (7)]
  3443 | D:4      | Slain by a quasit

Vault maps used:
D:1:      dpeg_arrival_orchard, minmay_pentomino_q4
D:3:      uniq_terence
D:4:      serial_shops, nicolae_shop_crystal, kennysheep_mini, first_bread,
          uniq_eustachio

Skill      XL: |  1  2  3  4  5  6 |
---------------+-------------------+-----
Long Blades    | 2 3 4 5 6 |  6.2
Fighting       | |  2.6
Armour         | |  2.4
Shields        | |  2.6

Action                   |  1- 3 |  4- 6 || total
-------------------------+-------+-------++-------
Melee: Long sword        |    95 |   187 ||   282
       Bite              |    22 |    57 ||    79
  Use: Potion            |       |     3 ||     3
  Eat: Chunk             |     2 |     7 ||     9
Armor: Scale mail        |    46 |   169 ||   215
Dodge: Dodged            |    30 |   103 ||   133
Block: Shield            |    53 |   132 ||   185
       Rpst.: Long sword |    12 |    30 ||    42
